[Event "2nd Kalyan Dombivali 2019"]
[Site "Kalyan"]
[Date "2019.01.30"]
[Round "3"]
[White "Agarwal Shyam"]
[Black "Vijay, Anand M."]
[Result "0-1"]
[ECO "B27"]
[WhiteElo "1409"]
[BlackElo "1841"]
[Annotator "NA RC"]
[PlyCount "46"]
[EventDate "2019.01.28"]
[EventType "swiss"]
[EventRounds "10"]
[EventCountry "IND"]
[SourceTitle "playchess.com"]
[Source "ChessBase"]
[SourceQuality "1"]
[TimeControl "5400+30"]

1. e4 c5 2. Nf3 g6 3. d4 cxd4 4. Nxd4 Bg7 5. Nc3 Nc6 6. Be3 Nf6 7. Be2 O-O 8. O-O d5 9. exd5 Nb4 10. Qd2 Nbxd5 11. Nxd5 Nxd5 12. Bh6 Bxh6 13. Qxh6 Qb6 14. Nb3 Bf5 15. c3 e5 16. Qh4 Nf4 17. Bf3 Rfe8 18. Rfe1 a5 19. Be4 Bxe4 20. Rxe4 a4 21. Nd2 Qxb2 22. Rd1 Qc2 23. Ree1 Rad8 0-1

[Event "2nd Kalyan Dombivali 2019"]
[Site "Kalyan"]
[Date "2019.01.30"]
[Round "3"]
[White "Virle Kimaya"]
[Black "Nehete Akshay S"]
[Result "0-1"]
[ECO "E81"]
[WhiteElo "1391"]
[BlackElo "1788"]
[Annotator "NA RC"]
[PlyCount "56"]
[EventDate "2019.01.28"]
[EventType "swiss"]
[EventRounds "10"]
[EventCountry "IND"]
[SourceTitle "playchess.com"]
[Source "ChessBase"]
[SourceQuality "1"]
[TimeControl "5400+30"]

1. d4 Nf6 2. c4 g6 3. Nc3 Bg7 4. e4 d6 5. f3 O-O 6. Be3 c5 7. dxc5 dxc5 8. Qxd8 Rxd8 9. Bxc5 Nc6 10. Nd5 Nxd5 11. cxd5 Bxb2 12. Rb1 Bc3+ 13. Kf2 b6 14. Rc1 Bb2 15. Rc2 Bf6 16. Be3 Nb4 17. Rc7 Nxa2 18. Bd2 a5 19. Bc4 Nb4 20. Be3 Rb8 21. Ne2 b5 22. Ba7 Ra8 23. Bxb5 Be5 24. Rxe7 Bd6 25. Bb6 Bxe7 26. Bxd8 Bxd8 27. Rb1 Ba6 28. Bc6 Rb8 0-1

[Event "2nd Kalyan Dombivali 2019"]
[Site "Kalyan"]
[Date "2019.01.30"]
[Round "3"]
[White "Rajveer Pinkesh Nahar"]
[Black "Shreyas Ghadi"]
[Result "0-1"]
[ECO "C07"]
[WhiteElo "1389"]
[BlackElo "1653"]
[Annotator "NA RC"]
[PlyCount "108"]
[EventDate "2019.01.28"]
[EventType "swiss"]
[EventRounds "10"]
[EventCountry "IND"]
[SourceTitle "playchess.com"]
[Source "ChessBase"]
[SourceQuality "1"]
[TimeControl "5400+30"]

1. e4 e6 2. d4 d5 3. Nd2 c5 4. exd5 Qxd5 5. Ngf3 cxd4 6. Bc4 Qd8 7. Nb3 Nc6 8. Nfxd4 Nxd4 9. Qxd4 Qxd4 10. Nxd4 a6 11. a4 Nf6 12. a5 Be7 13. O-O O-O 14. Be3 Bd7 15. Rad1 Rac8 16. Bd3 Rfd8 17. Nb3 Nd5 18. Bd4 Bc6 19. g3 Nb4 20. Bb6 Re8 21. Rfe1 Ba4 22. Re2 Nxd3 23. Rxd3 Bb5 24. Rdd2 Bxe2 25. Rxe2 Bd8 26. Bc5 Bxa5 27. Nxa5 Rxc5 28. Nxb7 Rd5 29. c4 Rd1+ 30. Kg2 Rc1 31. b3 Rc3 32. Rb2 Rb8 33. Nc5 Rxc4 34. Nxa6 Rb6 35. Rd2 Rc8 36. Nc5 Rb5 37. Nd3 Rxb3 38. Ne5 f6 39. Ng4 Rc7 40. Rd6 Kf7 41. Ne3 Rb2 42. Ng4 Rcc2 43. Rd7+ Kg6 44. Re7 h5 45. Ne3 Rxf2+ 46. Kg1 Rfe2 47. Nf1 e5 48. h4 Rb1 49. Rc7 Ree1 50. Rc2 Rxf1+ 51. Kh2 Kf5 52. Kh3 Rh1+ 53. Kg2 Rbg1+ 54. Kf3 Rh3 0-1

[Event "2nd Kalyan Dombivali 2019"]
[Site "Kalyan"]
[Date "2019.01.30"]
[Round "3"]
[White "Yadav Aakashkumar"]
[Black "Chhabra Aakash"]
[Result "0-1"]
[ECO "A05"]
[WhiteElo "1381"]
[BlackElo "1619"]
[Annotator "NA RC"]
[PlyCount "72"]
[EventDate "2019.01.28"]
[EventType "swiss"]
[EventRounds "10"]
[EventCountry "IND"]
[SourceTitle "playchess.com"]
[Source "ChessBase"]
[SourceQuality "1"]
[TimeControl "5400+30"]

1. Nf3 Nf6 2. c4 e6 3. d4 d5 4. g3 c6 5. Bg2 Bd6 6. O-O O-O 7. b3 Nbd7 8. Bb2 b6 9. Ne5 Bb7 10. Nd2 c5 11. Nxd7 Nxd7 12. e4 cxd4 13. exd5 e5 14. Ne4 Nc5 15. Nxd6 Qxd6 16. f4 f6 17. Ba3 a5 18. Kh1 Rae8 19. Rc1 Bc8 20. fxe5 fxe5 21. Be4 Qh6 22. Qe2 Bh3 23. Rxf8+ Rxf8 24. Bg2 Bxg2+ 25. Kxg2 e4 26. Bxc5 bxc5 27. Rf1 Rxf1 28. Qxf1 Qd2+ 29. Kh3 Qg5 30. Qe1 Qh5+ 31. Kg2 Qf3+ 32. Kh3 e3 33. Qxa5 e2 34. Qa8+ Qf8 35. Qa5 Qf1+ 36. Kh4 e1=Q 0-1

[Event "2nd Kalyan Dombivali 2019"]
[Site "Kalyan"]
[Date "2019.01.30"]
[Round "3"]
[White "Vaval Aaditi"]
[Black "Akshit Jha"]
[Result "0-1"]
[ECO "C02"]
[WhiteElo "1367"]
[BlackElo "1604"]
[Annotator "NA RC"]
[PlyCount "38"]
[EventDate "2019.01.28"]
[EventType "swiss"]
[EventRounds "10"]
[EventCountry "IND"]
[SourceTitle "playchess.com"]
[Source "ChessBase"]
[SourceQuality "1"]
[TimeControl "5400+30"]

1. e4 e6 2. d4 d5 3. e5 c5 4. c3 Qb6 5. Nf3 Nc6 6. a3 c4 7. Be2 Na5 8. Nbd2 Bd7 9. O-O Ne7 10. Rb1 Qc7 11. Qc2 Nc8 12. Bd1 Nb6 13. b4 cxb3 14. Nxb3 Nac4 15. Ra1 Rc8 16. Nbd2 Na4 17. Qb3 Na5 18. Qc2 Nxc3 19. Kh1 Ba4 0-1

[Event "2nd Kalyan Dombivali 2019"]
[Site "Kalyan"]
[Date "2019.01.31"]
[Round "4"]
[White "Snehal, Bhosale"]
[Black "Ankur Mahesh Gokhale"]
[Result "1-0"]
[ECO "A52"]
[WhiteElo "2135"]
[BlackElo "1628"]
[Annotator "RC"]
[PlyCount "133"]
[EventDate "2019.01.28"]
[EventType "swiss"]
[EventRounds "10"]
[EventCountry "IND"]
[SourceTitle "playchess.com"]
[Source "ChessBase"]
[SourceQuality "1"]
[TimeControl "5400+30"]

1. d4 Nf6 2. c4 e5 3. dxe5 Ng4 4. Nf3 Bc5 5. e3 Nc6 6. Nc3 O-O 7. Be2 Re8 8. O-O Ngxe5 9. Nxe5 Nxe5 10. b3 a5 11. Bb2 Ra6 12. Qd5 Ba7 13. Ne4 Rh6 14. Bxe5 c6 15. Bf6 gxf6 16. Qf5 Qe7 17. Qf4 Rg6 18. Bd3 f5 19. Ng3 d5 20. cxd5 cxd5 21. Nxf5 Bxf5 22. Bxf5 Bb8 23. Qf3 Qe5 24. g3 Rf6 25. Qg4+ Kh8 26. Bd3 Rg8 27. Qh3 h6 28. Rac1 Ba7 29. Kg2 Re8 30. Rc8 Rxc8 31. Qxc8+ Kg7 32. Qg4+ Qg5 33. Qxg5+ hxg5 34. Rc1 Rc6 35. Rxc6 bxc6 36. Kf3 Bb6 37. Kg4 Bd8 38. Kf5 Be7 39. Ba6 Bc5 40. Kxg5 d4 41. exd4 Bxd4 42. f4 Bg1 43. h4 Bf2 44. g4 f6+ 45. Kh5 Be3 46. f5 Bd2 47. g5 c5 48. Bb5 Bc1 49. Be8 Be3 50. Bg6 Bc1 51. Kg4 Bd2 52. gxf6+ Kxf6 53. Kf3 Ke5 54. Ke2 Bf4 55. Kd3 Kd5 56. Bf7+ Ke5 57. Be6 Bc1 58. Kc4 Ba3 59. h5 Bb4 60. h6 Kf6 61. h7 Kg7 62. Bg8 Bd2 63. f6+ Kh8 64. f7 Bh6 65. Kb5 Bf8 66. Kxa5 Kg7 67. Kb5 1-0

[Event "2nd Kalyan Dombivali 2019"]
[Site "Kalyan"]
[Date "2019.01.31"]
[Round "4"]
[White "Satkar, Chirag"]
[Black "Shivshankar Iyer S"]
[Result "1-0"]
[ECO "D35"]
[WhiteElo "2071"]
[BlackElo "1619"]
[Annotator "NA RC"]
[PlyCount "84"]
[EventDate "2019.01.28"]
[EventType "swiss"]
[EventRounds "10"]
[EventCountry "IND"]
[SourceTitle "playchess.com"]
[Source "ChessBase"]
[SourceQuality "1"]
[TimeControl "5400+30"]

1. d4 d5 2. c4 e6 3. Nc3 Nf6 4. cxd5 exd5 5. Bg5 Be7 6. e3 O-O 7. Qc2 b6 8. Bd3 h6 9. Bh4 c5 10. Nge2 Nc6 11. a3 c4 12. Bf5 a6 13. Bxc8 Rxc8 14. Qf5 Qd7 $1 15. Qf3 Rfd8 16. O-O g5 17. Bg3 Qe6 18. h3 h5 19. Be5 (19. Bh2 $14 {keeps the upper hand.}) 19... Nxe5 20. dxe5 Qxe5 21. Rfd1 Bd6 22. Ng3 h4 (22... g4 $17 23. Qf5 Kf8) 23. Nf5 ({Better is} 23. Nxd5 $11 Nxd5 24. Rxd5 Qxb2 {[%mdl 64] Double Attack} 25. Rxg5+ Kf8 26. Rf1) 23... Bf8 24. Rac1 b5 25. Rc2 Ne4 $2 (25... Rd7 $15 {stays ahead.}) 26. Qg4 f6 $2 (26... Bg7 $16 {keeps fighting.}) 27. f4 Qe8 28. fxg5 ({Not} 28. Nxd5 Rc6 $18) 28... Qg6 $2 (28... Nxg5 29. Nxd5 (29. Rxd5 Bc5 $18) (29. Qxh4 Rc7 $18) 29... Qe6) 29. Nxd5 Re8 30. Nxh4 Qxg5 {[%emt 0:01:29] [#]} 31. Nxf6+ $1 {[%emt 0:00:16] Double Attack, Pin} Kf7 32. Qxg5 ({Weaker is} 32. Nxe4 Qxg4 33. Rf1+ (33. hxg4 Rxe4 34. Rf2+ Ke6 $16) 33... Kg7 $16) 32... Nxg5 33. Nxe8 Rxe8 34. Rd7+ Ke6 35. Ra7 Bc5 36. Rxa6+ Kd5 37. Nf5 Re5 38. g4 Bxe3+ 39. Kg2 Ne6 40. Rd6+ Kc5 41. Rxe6 (41. b4# $142) 41... Rxe6 42. Re2 $18 Kd5 1-0

[Event "2nd Kalyan Dombivali 2019"]
[Site "Kalyan"]
[Date "2019.01.31"]
[Round "4"]
[White "Kadam Om Manish"]
[Black "Awade Pradeep"]
[Result "0-1"]
[ECO "B06"]
[WhiteElo "1944"]
[BlackElo "1538"]
[Annotator "NA RC"]
[PlyCount "82"]
[EventDate "2019.01.28"]
[EventType "swiss"]
[EventRounds "10"]
[EventCountry "IND"]
[SourceTitle "playchess.com"]
[Source "ChessBase"]
[SourceQuality "1"]
[TimeControl "5400+30"]

1. e4 (1. d4 g6 {0-1 (26) Aleskerov,F (2289)-Miroshnichenko,E (2686) Baku 2010}) 1... g6 2. d4 Bg7 3. f4 c5 4. dxc5 Qa5+ 5. c3 (5. Bd2 Qxc5 6. Bc3 Nf6 7. Qd4 Qxd4 8. Bxd4 Nc6 9. Bc3 e5 10. Bd3 d5 11. exd5 Nxd5 12. fxe5 Nxe5 {0-1 (26) Aleskerov,F (2289)-Miroshnichenko,E (2686) Baku 2010}) 5... Qxc5 6. Nf3 {[%emt 0:00:20] B06: Modern Defence} d6 7. Bd3 Nc6 8. Qe2 Nf6 9. Na3 $146 ({Predecessor:} 9. h3 Nh5 10. Qf2 Nb4 11. Qd2 Nxd3+ 12. Qxd3 f5 {0-1 (31) Eulering,G (2128)-Zubarev,A (2548) Boeblingen 2015}) 9... Be6 10. Nb5 Rc8 $2 {[%emt 0:07:08] [#]} (10... Qb6 $14) 11. f5 $1 Nxe4 12. fxe6 ({And not} 12. Qxe4 Bxf5 13. Qe2 a6 $11) ({Not} 12. Bxe4 Bc4 $18 {[%mdl 64] Double Attack}) 12... Nxc3 13. exf7+ ({Don't do} 13. bxc3 Bxc3+ 14. Nxc3 Qxc3+ 15. Qd2 Qxa1 $18) 13... Kxf7 14. Bc4+ d5 15. Ng5+ Ke8 16. Qe6 $2 ({White must play} 16. bxc3 $18 dxc4 17. Ne6 {[%mdl 64] Double Attack} Qxb5 18. Nxg7+ Kd7 19. O-O) 16... Nd8 17. Qg4 Qxc4 18. Qxc4 Rxc4 19. Nxc3 Rxc3 20. Kd1 Rc4 21. Re1 h6 22. Nf3 Nc6 23. Be3 d4 ({Don't play} 23... Bxb2 24. Rb1) 24. Rc1 (24. Bd2 {keeps fighting.}) 24... Rxc1+ 25. Bxc1 g5 26. Re4 e5 27. h4 Bf6 28. a3 (28. hxg5 {might work better.} hxg5 29. Bxg5) 28... Kd7 29. b4 b5 30. Kc2 (30. hxg5 {is a better defense.} hxg5 31. Bxg5 Bxg5 32. Nxg5) 30... Ke6 31. Bd2 (31. hxg5 $142 hxg5 32. Bxg5) 31... Kf5 32. Kd3 g4 33. Nh2 h5 34. Be1 Ne7 35. Nf1 $1 $11 Kg6 (35... Ng6 36. Ng3+ Ke6 37. Bd2) 36. Bg3 Kf5 $2 ({Black should try} 36... Nf5 $19 37. Bxe5 Rc8 38. Bxf6 Kxf6) 37. Re2 $2 Rc8 38. Rf2+ Ke6 39. Nd2 Rc3+ 40. Ke2 Nd5 41. Bh2 g3 0-1

[Event "2nd Kalyan Dombivali 2019"]
[Site "Kalyan"]
[Date "2019.01.31"]
[Round "4"]
[White "Vijay, Anand M."]
[Black "Gurav Sanmil"]
[Result "1-0"]
[ECO "C44"]
[WhiteElo "1841"]
[BlackElo "1311"]
[Annotator "NA RC"]
[PlyCount "119"]
[EventDate "2019.01.28"]
[EventType "swiss"]
[EventRounds "10"]
[EventCountry "IND"]
[SourceTitle "playchess.com"]
[Source "ChessBase"]
[SourceQuality "1"]
[TimeControl "5400+30"]

1. e4 e5 2. Nf3 Nc6 3. d4 exd4 4. Nxd4 Nf6 5. Nxc6 bxc6 6. Nc3 Bb4 7. Bd3 d5 8. exd5 cxd5 9. O-O O-O 10. Bg5 c6 11. Na4 Bd6 12. c4 Be7 13. Rc1 Be6 14. cxd5 Nxd5 15. Bxe7 Qxe7 16. Nc5 Nf4 17. Nxe6 Qxe6 18. Bc4 Qe4 19. Qg4 h5 20. Qg3 h4 21. Qg4 Rae8 22. h3 Ng6 23. Qxe4 Rxe4 24. Bd3 Re6 25. Bxg6 Rxg6 26. Rc4 Rh6 27. Ra4 Rb8 28. b3 Rb7 29. Rc1 Kf8 30. Rc5 Re7 31. Rca5 Re1+ 32. Kh2 Rf6 33. Rxh4 Rxf2 34. Rxa7 g5 35. Rg4 f5 (35... f6 $16 {is a better defense.} 36. a4 Re7) 36. Rxg5 f4 37. h4 f3 38. Rf5+ Kg8 39. Rxf3 Rxf3 40. gxf3 c5 41. Kg3 Rg1+ 42. Kf4 Rh1 43. Kg5 Rg1+ 44. Kf5 Rh1 45. Rc7 Rxh4 46. Kg6 Kf8 47. Rxc5 Ke7 48. Rc4 Rh2 49. a4 Rb2 50. b4 Ke6 51. Re4+ Kd5 52. Kf5 Rg2 53. b5 Rg8 54. Kf4 Rf8+ 55. Ke3 Kc5 56. f4 Kb6 57. Re6+ Ka5 58. Re4 $2 (58. Ra6+ $18 Kb4 59. b6) 58... Rc8 59. f5 Rc3+ 60. Kf4 1-0

[Event "2nd Kalyan Dombivali 2019"]
[Site "Kalyan"]
[Date "2019.01.31"]
[Round "4"]
[White "Shreyas Ghadi"]
[Black "Saurabh Anand"]
[Result "0-1"]
[ECO "A40"]
[WhiteElo "1653"]
[BlackElo "2210"]
[Annotator "NA RC"]
[PlyCount "119"]
[EventDate "2019.01.28"]
[EventType "swiss"]
[EventRounds "10"]
[EventCountry "IND"]
[SourceTitle "playchess.com"]
[Source "ChessBase"]
[SourceQuality "1"]
[TimeControl "5400+30"]

1. d4 Nf6 2. c4 e6 3. g3 Bb4+ 4. Bd2 a5 5. Bg2 d6 6. Nf3 Nbd7 7. O-O e5 8. Be3 exd4 9. Bxd4 O-O 10. a3 Bc5 11. Nc3 c6 12. b3 Qe7 13. h3 Bxd4 14. Nxd4 Nb6 15. Kh2 Rd8 16. Rc1 Be6 17. f4 a4 18. f5 (18. Nxa4 $11 Nxa4 19. bxa4) 18... Bd7 19. Nxa4 Nxa4 20. bxa4 c5 21. Nb5 Bc6 22. Nc3 Qe5 23. Bd5 Bxd5 24. cxd5 Rdc8 25. Qd3 c4 26. Qf3 Ra5 27. Rcd1 (27. e4 $14) 27... Nd7 (27... Re8 $11) 28. Ne4 $2 (28. Rb1 $1 $14 {stays ahead.}) 28... Re8 ({Don't play} 28... Rxd5 $6 29. Rxd5 Qxd5 30. Nc3 $11) (28... c3 $17 29. f6 g6) 29. Nc3 {[%emt 0:03:51] [#]} (29. Qc3 $1 $15) 29... Nb6 $1 30. f6 gxf6 31. Qxf6 Qxf6 32. Rxf6 Nxa4 33. Nxa4 Rxe2+ 34. Kh1 Rxa4 35. Rxd6 Rxa3 36. Rd8+ Kg7 37. d6 Raa2 ({And not} 37... Rxg3 38. d7 $16) 38. Rb8 Rh2+ 39. Kg1 Rag2+ 40. Kf1 Rxg3 41. Rd4 Rb3 ({Of course not} 41... Rgxh3 $6 42. Rg4+ Kh6 43. d7 $18) 42. Kg1 Ra2 ({But not} 42... Rhxh3 $6 43. Rg4+ Kf6 44. d7 $16) 43. Rd1 $1 Rg3+ 44. Kh1 Rxh3+ 45. Kg1 Rg3+ 46. Kh1 $2 (46. Kf1 $11) 46... Ra5 47. Rd2 Rh5+ 48. Rh2 Rxh2+ 49. Kxh2 Rd3 50. Rxb7 Rxd6 51. Rc7 Rd2+ 52. Kg3 Rc2 53. Kf3 Rc1 54. Ke2 c3 55. Kd3 Rg1 $19 56. Kc2 Rg3 57. Rxc3 Rxc3+ 58. Kxc3 Kf6 59. Kd3 Kf5 60. Ke3 0-1

[Event "2nd Kalyan Dombivali 2019"]
[Site "Kalyan"]
[Date "2019.01.31"]
[Round "4"]
[White "Chhabra Aakash"]
[Black "Saranya, J."]
[Result "1/2-1/2"]
[ECO "A45"]
[WhiteElo "1619"]
[BlackElo "2094"]
[Annotator "NA RC"]
[PlyCount "95"]
[EventDate "2019.01.28"]
[EventType "swiss"]
[EventRounds "10"]
[EventCountry "IND"]
[SourceTitle "playchess.com"]
[Source "ChessBase"]
[SourceQuality "1"]
[TimeControl "5400+30"]

1. d4 Nf6 2. Bg5 c5 3. Bxf6 exf6 4. e3 Qb6 5. b3 Be7 6. Nf3 d6 7. Be2 f5 8. O-O Bf6 9. c3 O-O 10. Nbd2 g6 11. Rc1 Rd8 12. Qc2 Be6 13. Rfd1 Na6 14. Nc4 Qc7 15. d5 Bd7 16. a4 Re8 17. Bd3 Nb8 18. Nfd2 b5 19. axb5 Rd8 20. Na3 a6 21. bxa6 Nxa6 22. Bxa6 Rxa6 23. Nac4 Rda8 24. Qd3 Qb7 25. Rb1 Bb5 26. Rb2 ({Better is} 26. g3 $14) 26... Be7 27. e4 fxe4 28. Nxe4 Ra1 29. Rbb1 R1a6 30. h3 Qc7 31. Ned2 Bf6 32. Rdc1 Bg7 33. Qg3 f5 34. b4 (34. Nf3 $16) 34... Bh6 35. Qh4 Bg7 36. Na5 (36. bxc5 $14 Qxc5 37. Ne3) 36... Bd3 37. Ra1 Qd7 38. Ndb3 cxb4 39. Qxb4 Qc7 (39... Qb5 $15 40. Nc6 Qxb4 41. Nxb4 Rxa1 42. Nxa1 Bb5) 40. Nc6 Rxa1 41. Rxa1 Rxa1+ 42. Nxa1 Be4 43. Qb5 Bxc3 44. Nb3 Bf6 {[%emt 0:02:14] [#]} (44... Qg7 $1 $11) 45. f3 $1 Bc2 $2 (45... Bb1 $16) 46. Nba5 $2 (46. Nbd4 $18) 46... Bd1 (46... Bc3 $11) 47. Kf2 Bc2 48. Kg1 $11 1/2-1/2

[Event "2nd Kalyan Dombivali 2019"]
[Site "Kalyan"]
[Date "2019.01.31"]
[Round "4"]
[White "Akshit Jha"]
[Black "Ahmed, Feroz"]
[Result "0-1"]
[ECO "B07"]
[WhiteElo "1604"]
[BlackElo "1919"]
[Annotator "NA RC"]
[PlyCount "92"]
[EventDate "2019.01.28"]
[EventType "swiss"]
[EventRounds "10"]
[EventCountry "IND"]
[SourceTitle "playchess.com"]
[Source "ChessBase"]
[SourceQuality "1"]
[TimeControl "5400+30"]

1. e4 d6 2. d4 g6 3. Nc3 Bg7 4. Be2 Nf6 5. h4 h5 6. Nf3 Nbd7 7. Ng5 e5 8. dxe5 Nxe5 9. Bf4 Qe7 10. O-O O-O 11. Nf3 (11. Qd2 $14) 11... Bd7 12. Nxe5 dxe5 13. Bg5 c6 14. Bf3 Be6 15. Qe2 Qb4 16. Rfb1 Nh7 17. a3 Qa5 18. Be3 b5 19. b4 Qc7 20. a4 Bc4 21. Qe1 a6 22. a5 Nf6 23. Rd1 Rfe8 24. Bb6 Qb7 25. Nb1 Be6 26. Na3 Ng4 27. g3 f5 28. Rab1 Rf8 ({Black should play} 28... f4 $15) 29. Qc3 ({White should try} 29. Rd6 $14 Qe7 30. Bc5 (30. Rxc6 f4 $11)) 29... Rac8 30. Rf1 Kh7 31. Rbd1 {[%emt 0:04:23] [#]} f4 ({Better is} 31... fxe4 $1 $17 32. Bg2 {[#]} e3 $1 33. Bxe3 Nxe3 34. Qxe3 Bg4) 32. Kg2 Rf6 (32... Rfe8 $15) 33. Bxg4 (33. Nb1 $1 $11 {keeps the balance.}) 33... hxg4 34. Qxe5 $2 (34. Kg1 $17) 34... fxg3 35. Qxg3 (35. Qc5 $142 gxf2 36. Rxf2) 35... c5 36. Rfe1 cxb4 37. Nb1 Rxc2 38. Qd6 b3 39. Kg1 Qf7 40. Nd2 Bc8 41. Qb4 $2 (41. Qd3 g3 42. fxg3) 41... b2 42. e5 Rf4 43. Ne4 Qf5 44. Rd4 Rfxf2 45. Ng5+ Kh6 46. Rxg4 Qxg4+ 0-1

[Event "2nd Kalyan Dombivali 2019"]
[Site "Kalyan"]
[Date "2019.01.31"]
[Round "4"]
[White "Pingale Shivraj"]
[Black "Gogate Yash"]
[Result "1-0"]
[ECO "C00"]
[WhiteElo "1580"]
[BlackElo "1232"]
[Annotator "NA RC"]
[PlyCount "95"]
[EventDate "2019.01.28"]
[EventType "swiss"]
[EventRounds "10"]
[EventCountry "IND"]
[SourceTitle "playchess.com"]
[Source "ChessBase"]
[SourceQuality "1"]
[TimeControl "5400+30"]

1. e4 d6 2. d4 e6 3. Bd3 c6 4. f4 Ne7 5. Nf3 g6 6. O-O Bg7 7. c3 b6 8. Na3 Bb7 9. Nc2 Nd7 10. Qe1 Qc7 11. Bd2 f6 12. a4 c5 13. Qe2 Rc8 14. Na3 Kf7 15. Nb5 Qb8 16. e5 Rc6 17. exf6 Bxf6 18. Ng5+ Bxg5 19. fxg5+ Nf5 20. d5 Ne5 21. dxc6 Bxc6 22. Bxf5 exf5 23. Bf4 Re8 24. Bxe5 Rxe5 25. Qd2 Rd5 26. Qf4 Re5 27. Rae1 Rxe1 28. Rxe1 Bxb5 29. axb5 Qd8 30. Qe3 Qd7 31. c4 Qd8 32. Qe6+ Kf8 33. Qf6+ Qxf6 34. gxf6 Kf7 35. Re7+ Kxf6 36. Rxa7 Ke5 37. Rb7 Kd4 38. b3 Kc3 39. Rxb6 Kxb3 40. Rxd6 Kxc4 41. b6 Kc3 42. b7 c4 43. b8=Q Kc2 44. Qb4 c3 45. Rc6 Kd1 46. Qxc3 Ke2 47. Re6+ Kd1 48. Re1# 1-0

[Event "2nd Kalyan Dombivali 2019"]
[Site "Kalyan"]
[Date "2019.01.31"]
[Round "4"]
[White "Midilesh MS"]
[Black "Sparsh Khandelwal"]
[Result "0-1"]
[ECO "B37"]
[WhiteElo "1558"]
[BlackElo "1823"]
[Annotator "NA RC"]
[PlyCount "122"]
[EventDate "2019.01.28"]
[EventType "swiss"]
[EventRounds "10"]
[EventCountry "IND"]
[SourceTitle "playchess.com"]
[Source "ChessBase"]
[SourceQuality "1"]
[TimeControl "5400+30"]

1. e4 c5 2. Nf3 g6 3. d4 cxd4 4. Nxd4 Bg7 5. c4 Nc6 6. Nc2 d6 7. Nc3 Nh6 8. f3 f5 9. Be2 fxe4 10. Nxe4 Nf5 11. O-O O-O 12. Kh1 Kh8 13. Rb1 Qa5 14. a3 Ncd4 15. Nxd4 Nxd4 16. b4 Qd8 17. Bd3 a5 18. b5 Bf5 19. a4 Rc8 20. Be3 d5 21. cxd5 Qxd5 22. Ng3 Bxd3 23. Qxd3 Qc4 24. Qe4 Nc2 25. Bb6 Qxe4 26. Nxe4 Na3 27. Rbc1 Rc4 28. Rxc4 Nxc4 29. Bc5 Re8 (29... Nb2 $11) 30. Rc1 Nb2 31. Bb6 Ra8 32. Nc5 Rc8 33. Bxa5 b6 (33... Nxa4 $1 $15 34. Nd3 Rxc1+ 35. Nxc1 Kg8) 34. Bxb6 Nxa4 35. Ba7 Bd4 36. Rc4 Bxc5 37. b6 Rd8 38. g3 Bxb6 39. Rxa4 Ra8 40. Bxb6 $2 (40. Ra6 $17) 40... Rxa4 41. Kg2 Kg7 42. f4 (42. g4 $142) 42... Kf6 43. Bc7 Kf5 44. Be5 Ra2+ 45. Kh3 g5 46. g4+ Ke4 47. Bc7 Ra3+ 48. Kg2 gxf4 49. Bb6 Ra2+ 50. Bf2 e5 51. h4 Kd5 52. g5 e4 53. Kf1 e3 54. Be1 f3 55. Bc3 Rc2 56. Be1 Rc1 57. h5 f2 58. h6 fxe1=Q+ 59. Kg2 Qf2+ 60. Kh3 Rh1+ 61. Kg4 Rh4# 0-1

[Event "2nd Kalyan Dombivali 2019"]
[Site "Kalyan"]
[Date "2019.01.31"]
[Round "4"]
[White "Kasar Prashant"]
[Black "Mota Khant"]
[Result "*"]
[ECO "B24"]
[WhiteElo "1495"]
[BlackElo "1173"]
[Annotator "NA RC"]
[PlyCount "38"]
[EventDate "2019.01.28"]
[EventType "swiss"]
[EventRounds "10"]
[EventCountry "IND"]
[SourceTitle "playchess.com"]
[Source "ChessBase"]
[SourceQuality "1"]
[TimeControl "5400+30"]

1. e4 c5 2. Nc3 Nc6 3. g3 g6 4. Bg2 Bg7 5. Nge2 e6 6. O-O Nge7 7. d3 O-O 8. Be3 Nd4 9. f4 d5 10. Rb1 b6 11. f5 exf5 12. exd5 Bb7 13. d6 Bxg2 14. dxe7 Qxe7 15. Bxd4 cxd4 16. Kxg2 dxc3 17. bxc3 Rfe8 18. Re1 Rac8 19. d4 Qe4+ *

[Event "2nd Kalyan Dombivali 2019"]
[Site "Kalyan"]
[Date "2019.01.31"]
[Round "4"]
[White "Sarode Om"]
[Black "Roy Aanya"]
[Result "1-0"]
[ECO "C02"]
[WhiteElo "1427"]
[BlackElo "1232"]
[Annotator "NA RC"]
[PlyCount "67"]
[EventDate "2019.01.28"]
[EventType "swiss"]
[EventRounds "10"]
[EventCountry "IND"]
[SourceTitle "playchess.com"]
[Source "ChessBase"]
[SourceQuality "1"]
[TimeControl "5400+30"]

1. e4 e6 2. d4 d5 3. e5 c5 4. c3 Qb6 5. Nf3 Nc6 6. a3 a5 7. Bd3 Bd7 8. Bc2 Nh6 9. O-O Be7 10. Re1 Nf5 11. Bxf5 exf5 12. Re2 cxd4 13. cxd4 Be6 14. Nc3 Rb8 15. Rc2 h6 16. h4 Qd8 17. g3 g5 18. h5 g4 19. Ne1 Qb6 20. Be3 Bg5 21. Ng2 Bxe3 22. fxe3 Qd8 23. Nf4 Qd7 24. Nb5 Kd8 25. Qd3 Ke7 26. Nd6 Rhd8 27. Qe2 Kf8 28. Rac1 Kg8 29. Rc5 f6 30. Nxb7 Nxd4 31. exd4 Rxb7 32. Rc6 Bf7 33. e6 Bxe6 34. Rxe6 1-0

[Event "2nd Kalyan Dombivali 2019"]
[Site "Kalyan"]
[Date "2019.01.31"]
[Round "4"]
[White "Tikam Aradhya"]
[Black "Bhat Sanjay"]
[Result "0-1"]
[ECO "C50"]
[WhiteElo "1332"]
[BlackElo "1597"]
[Annotator "NA"]
[PlyCount "132"]
[EventDate "2019.01.28"]
[EventType "swiss"]
[EventRounds "10"]
[EventCountry "IND"]
[SourceTitle "playchess.com"]
[Source "ChessBase"]
[SourceQuality "1"]
[TimeControl "5400+30"]

1. e4 e5 2. Nf3 Nc6 3. Bc4 Nf6 4. d3 Bc5 5. c3 a6 6. O-O d6 7. h3 Na5 8. Bb3 Nxb3 9. Qxb3 O-O 10. Bg5 h6 11. Bh4 Qe7 12. Nbd2 b5 13. d4 Bb6 14. dxe5 dxe5 15. Bxf6 Qxf6 16. Qd5 Be6 17. Qxe5 Qg6 18. Nh4 Qh7 19. Qg3 Rad8 20. Nhf3 Rd3 21. Rfe1 Rfd8 22. Nf1 Bc8 23. Qf4 g5 24. Qg3 Re8 25. e5 Red8 26. N1h2 Qg6 27. Ng4 Be6 28. a3 Kf8 29. Nf6 c5 30. Rf1 Bc7 31. Rfe1 Bf5 32. Ng4 Ke7 33. Ne3 Be4 34. Rad1 Kf8 35. Qg4 Rxd1 36. Nxd1 f5 37. exf6 Bf5 38. Nh4 gxh4 39. Qxh4 Qg5 40. Qxg5 hxg5 41. Ne3 Be6 42. Ng4 Kf7 43. Ne5+ Kxf6 44. Nf3 g4 45. hxg4 Bxg4 46. Nh2 Bh5 47. Nf1 Rd1 48. Rxd1 Bxd1 49. c4 Be5 50. Ne3 Bb3 51. Ng4+ Kf5 52. Nxe5 Kxe5 53. cxb5 axb5 54. Kf1 Bd5 55. g3 Bf3 56. Ke1 Kd4 57. Kd2 Kc4 58. Kc2 Be4+ 59. Kc1 Kb3 60. f4 Bf5 61. g4 Bxg4 62. Kb1 Bf5+ 63. Ka1 c4 64. a4 Kxa4 65. b3+ Ka3 66. b4 Kxb4 0-1